 Dungeon Crawl Stone Soup version 0.30-a0-377-g5cb311bc9f (webtiles) character file.

Game seed: 2767225390195652198

35753 oldriver the Thaumaturge (level 13, -4/98 HPs)
             Began as a Mummy Necromancer on Nov 27, 2022.
             Was the Champion of Hepliaklqana.
             Slain by Rupert
             ... wielding a +2 great mace of holy wrath
              (37 damage)
             ... on level 3 of the Lair of Beasts.
             The game lasted 00:43:09 (21498 turns).

oldriver the Thaumaturge (Mummy Necromancer)       Turns: 21498, Time: 00:43:09

Health: -4/98      AC: 14    Str: 19    XL:     13   Next: 49%
Magic:  1/31       EV: 13    Int: 14    God:    Hepliaklqana [******]
Gold:   1123       SH:  6    Dex: 19    Spells: 19/41 levels left

rFire   . . .      SeeInvis .    D - +8 flail (freeze)
rCold   + . .      Faith    +    t - +0 buckler
rNeg    + + +      Spirit   .    E - +2 robe {rF+}
rPois   ∞          Reflect  .    j - +2 helmet
rElec   .          Harm     .    c - +2 cloak
rCorr   +          Rampage  +    (no gloves)
Will    +....                    r - +2 pair of boots "Guuq Reg" {Rampage Regen+ Int-4 Dex+7}
Stlth   +++.......               q - amulet of the acrobat
HPRegen 1.16/turn                n - +6 ring of strength
MPRegen 0.22/turn                p - ring of resist corrosion

@: sluggish, very slow
A: reduced essence, cold resistance 1, negative energy resistance 3, torment
resistance 2, heat vulnerability 1, in touch with death 2, no potions, faith
a: Renounce Religion, Recall Ancestor, Ancestor Identity, Transference, Idealise


You were on level 3 of the Lair of Beasts.
You worshipped Hepliaklqana.
Hepliaklqana was exalted by your worship.
You visited 4 branches of the dungeon, and saw 18 of its levels.

You collected 1785 gold pieces.
You spent 662 gold pieces at shops.

Inventory:

Hand Weapons
 D - a +8 flail of freezing (weapon)
Missiles
 A - a throwing net
Armour
 c - a +2 cloak (worn)
 e - a +2 robe of cold resistance
 j - a +2 helmet (worn)
 r - the +2 pair of boots "Guuq Reg" (worn) {Rampage Regen+ Int-4 Dex+7}
   (You found it on level 4 of the Dungeon)

   Int:       It affects your intelligence (-4).
   Dex:       It affects your dexterity (+7).
   Regen:     It increases your rate of health regeneration.
   Rampage:   It bestows one free step when moving towards enemies.
 t - a +0 buckler (worn)
 E - a +2 robe of fire resistance (worn)
 J - a +1 troll leather armour {Snorg}
Magical Staves
 u - a staff of fire
Jewellery
 a - an amulet of regeneration
 n - a +6 ring of strength (left hand)
 p - a ring of resist corrosion (right hand)
 q - an amulet of the acrobat (around neck)
 I - a ring of see invisible
Wands
 i - a wand of polymorph (18)
 v - a wand of paralysis (12)
 B - a wand of flame (25)
 C - a wand of digging (6)
 G - a wand of roots (2)
 H - a wand of acid (6)
Scrolls
 b - a scroll of vulnerability
 d - 2 scrolls of magic mapping
 f - 2 scrolls of enchant armour
 g - 2 scrolls of amnesia
 h - 3 scrolls of silence
 k - 4 scrolls of fear
 l - 2 scrolls of immolation
 m - 7 scrolls of teleportation
 o - a scroll of brand weapon
 s - 3 scrolls of poison
 w - 6 scrolls of fog
 x - 2 scrolls of noise
Miscellaneous
 z - a box of beasts


   Skills:
 + Level 12.5 Fighting
 + Level 8.2 Armour
 - Level 3.0 Dodging
 - Level 3.0 Stealth
 - Level 5.0 Shields
 + Level 14.9 Spellcasting
 - Level 3.0 Summonings
 - Level 5.0 Necromancy
 + Level 7.1 Air Magic


You had 19 spell levels left.
You knew the following spells:

 Your Spells              Type           Power      Damage    Failure   Level
a - Necrotise             Necr           100%       1d9       1%          1
b - Vampiric Draining     Necr           53%        2d9       3%          3
c - Animate Dead          Necr           53%        N/A       11%         4
d - Static Discharge      Conj/Air       40%        2-4/arc   2%          2
k - Shock                 Conj/Air       80%        1d8       1%          1
l - Summon Lightning Spi  Summ/Air       24%        N/A       10%         4
p - Airstrike             Air            15%        2d(3-19)  4%          4
w - Swiftness             Air            30%        N/A       1%          3

Your spell library contained the following spells:

 Spells                   Type           Power      Damage    Failure   Level
 Summon Small Mammal      Summ           72%        N/A       2%          1
 Cigotuvi's Dreadful Rot  Necr/Pois/Air  98%        N/A       2%          2
 Call Imp                 Summ           18%        N/A       3%          2
 Freeze                   Ice            40%        1d6       9%          1
 Magic Dart               Conj           40%        1d5       9%          1
 Slow                     Hex            40%        N/A       9%          1
 Mephitic Cloud           Conj/Pois/Air  17%        N/A       9%          3
 Dispel Undead            Necr           53%        3d19      11%         4
 Ensorcelled Hibernation  Hex/Ice        20%        N/A       12%         2
 Passwall                 Tmut/Erth      8%         N/A       12%         2
 Confusing Touch          Hex            10%        N/A       24%         3
 Frozen Ramparts          Ice            20%        1d4       24%         3
 Hailstorm                Conj/Ice       10%        3d5       24%         3
 Agony                    Necr           53%        N/A       28%         5
 Lightning Bolt           Conj/Air       10%        1d23      45%         5
 Leda's Liquefaction      Hex/Erth       5%         N/A       63%         4
 Petrify                  Tmut/Erth      10%        N/A       63%         4
 Death Channel            Necr           26%        N/A       85%         6
 Irradiate                Conj/Tmut      5%         3d13      92%         5
 Iskenderun's Battlesphe  Conj           10%        2d6       92%         5
 Metabolic Englaciation   Hex/Ice        5%         N/A       92%         5
 Statue Form              Tmut/Erth      Unusable   N/A       N/A         6

Dungeon Overview and Level Annotations

Branches:
Dungeon (11/15)            Temple (1/1) D:5            Lair (4/5) D:8
 Shoals (0/4) Lair:2        Snake (0/4) Lair:3          Orc (2/2) D:10
    Elf (0/3) Orc:2
  Slime: Lair:4-5

Altars:
Ashenzari
Cheibriados
Dithmenos
Fedhas
Gozag
Hepliaklqana
Kikubaaqudgha
Makhleb
Nemelex Xobeh
Okawaru
Qazlal
Ru
Sif Muna
Trog
Uskayaw
Vehumet
Wu Jian
Xom
Yredelemnul
Lugonu

Shops:
D:1 [   D:11 (:   Orc:1 ?(   Orc:2 !

Annotations:
D:3 2 transporters
D:4 2 transporters, Menkaure
D:5 2 transporters, Groverdextrious's ghost, weakling DsDe
Lair:3 Rupert
Orc:1 Josephine


Innate Abilities, Weirdness & Mutations

Your life essence is reduced to manifest your ancestor. (-10% HP)
You are immune to poison.
Your flesh is cold resistant. (rC+)
You are immune to negative energy. (rN+++)
You are immune to unholy pain and torment.
You are vulnerable to heat. (rF-)
You are strongly in touch with the powers of death.
You do not drink.
You have a special connection with the divine. (Faith)


Message History

You start to feel a little slower.
Rupert rages.
Casting: Necrotise (safe; 1% risk of failure)
Confirm with . or Enter, or press ? or * to list all spells.
This spell is already in effect.
You feel sluggish.
Casting: Swiftness (safe; 1% risk of failure)
Confirm with . or Enter, or press ? or * to list all spells.
Aiming: Vampiric Draining (mildly dangerous; 3% risk of failure)
Press: ? - help, Shift-Dir - straight line, f/p - Rupert
Aim: Rupert, wielding a +2 great mace of holy wrath and wearing a +3 chain mail of positive energy (severely wounded, berserk)
You feel a strong surge of power!
You draw life force from Rupert.
Rupert closely misses you.
Rupert hits you with a +2 great mace of holy wrath.
You convulse.
As you read the scroll labelled WUESIN XIOSAJ, it crumbles to dust.
The creatures around you are filled with an inner flame!
It was a scroll of immolation.
Rupert hits you with a +2 great mace of holy wrath!!
You convulse.
As you read the scroll labelled YRCHIG DUIBAY, it crumbles to dust.
You feel a surge of unholy energy.
Rupert convulses!
Flame seeps out of Rupert.
It was a scroll of torment.
Rupert is engulfed in blazing flames.
Flame seeps out of Rupert.
Rupert hits you with a +2 great mace of holy wrath.
You convulse.
Rupert is engulfed in blazing flames.
Flame seeps out of Rupert.
Rupert hits you with a +2 great mace of holy wrath!!
You convulse!
Casting: Vampiric Draining (mildly dangerous; 3% risk of failure)
Confirm with . or Enter, or press ? or * to list all spells.
You don't have enough magic to cast this spell.
Casting: Vampiric Draining (mildly dangerous; 3% risk of failure)
Confirm with . or Enter, or press ? or * to list all spells.
Aiming: Necrotise (safe; 1% risk of failure)
Press: ? - help, Shift-Dir - straight line, f/p - Rupert
Aim: Rupert, wielding a +2 great mace of holy wrath and wearing a +3 chain mail of positive energy (flame, almost dead, berserk, inner flame, chance to affect: 20%)
You feel a strong surge of power!
Rupert resists with almost no effort.
Rupert is engulfed in blazing flames.
Flame seeps out of Rupert.
Rupert hits you with a +2 great mace of holy wrath!!!
You die...

....# #...# #.# #..# ....#
##...## ### #.# #.## ....#
#.....####.# #.## #.## .#.##
##....#.#.#######..# #..# #..P##
#.................####.##
#....###............<.........##
#.#.#.#.....#.##'.............#
#...........#.................##
##.............@@>............#.#
#........................##...###
.........................##P..##
..........##..####.......##....#
#....+#.#.##### ##......#.##..##
........#.P# #......[.###..##
..#.....#..# ##........# #..P#
..#.....#.## #.#......P###...#
........#.# ####........##...P#


You could see Rupert (berserk, inner flame).

Vanquished Creatures
  Snorg (D:11)
  3 hydras
  2 two-headed ogres
  6 death yaks
  Pikel (D:4)
  A deep elf pyromancer (D:10)
  4 orc sorcerers
  A cyclops (Orc:2)
  Maurice (D:8)
  A manticore (Lair:2)
  A cane toad (Lair:2)
  2 komodo dragons
  A wind drake (Lair:2)
  A troll (Orc:2)
  2 blink frogs (Lair:3)
  A wraith (D:11)
  2 wyverns
  15 yaks
  3 vampire mosquitoes
  2 acid dragons
  2 wargs (D:8)
  A naga (Lair:3)
  A water moccasin (Lair:2)
  5 orc warriors
  A black bear (D:6)
  An ice beast (D:6)
  An ogre (D:4)
  A sky beast (D:6)
  A centaur (D:7)
  6 wolves
  3 phantoms
  2 kobold brigands (D:9)
  4 bullfrogs
  4 necrophages (D:6)
  4 scorpions
  6 killer bees
  A howler monkey (D:8)
  4 electric eels
  A hound (D:5)
  12 orc priests
  A gnoll bouda (D:4)
  An iron imp (D:10)
  Ijyb (D:2)
  Terence (D:2)
  2 iguanas (D:5)
  7 orc wizards
  Robin (D:2)
  8 adders
  14 gnolls
  2 shadow imps
  3 white imps
  8 dart slugs
  65 orcs
  8 ball pythons
  11 endoplasms
  5 giant cockroaches
  15 goblins
  9 hobgoblins
  3 jackals
  8 quokkas
  4 bats
  3 frilled lizards (D:3)
  18 kobolds
  8 rats
  A butterfly (Lair:4)
319 creatures vanquished.

Vanquished Creatures (collateral kills)
  Gastronok (Lair:3)
  A catoblepas (Lair:4)
  A hydra (Lair:2)
  3 death yaks
  An orc knight (Orc:2)
  A deep elf zephyrmancer (D:10)
  4 cane toads
  Psyche (D:8)
  3 komodo dragons
  A rime drake (Lair:3)
  2 trolls
  6 blink frogs (Lair:3)
  2 shadows
  A wyvern (Lair:2)
  5 yaks
  A wraith (D:10)
  Grum (D:8)
  3 vampire mosquitoes (D:10)
  3 wargs
  4 nagas (Lair:3)
  3 water moccasins
  8 orc warriors
  A swamp drake (D:10)
  An ice beast (D:8)
  A sky beast (D:8)
  4 ogres
  4 wolves
  A centaur (D:8)
  A phantom (D:7)
  A kobold brigand (D:8)
  A gnoll sergeant (D:11)
  9 bullfrogs
  A necrophage (D:7)
  4 wights (D:7)
  A warg zombie (Orc:2)
  11 killer bees
  A howler monkey (D:8)
  An electric eel (D:6)
  2 crimson imps
  2 gnoll boudas
  10 orc priests
  Crazy Yiuf (D:7)
  9 orc wizards
  9 gnolls
  3 white imps
  An ufetubus (D:6)
  2 dart slugs
  24 orcs
  A goblin (D:2)
  2 kobolds (D:9)
  A butterfly (Lair:4)
166 creatures vanquished.

Vanquished Creatures (others)
  A wind drake zombie (Lair:2)
  A blink frog zombie (Lair:3)
  3 warg zombies (D:8)
  4 yak zombies
  2 orc wizards (D:10)
  2 ancestors (D:6)
  27 battlemagi
  2 orcs
  19 orc zombies
  17 fungi
  26 plants
104 creatures vanquished.

Grand Total: 589 creatures vanquished

Notes
Turn   | Place    | Note
-------+----------+-------------------------------------------
     0 | D:1      | oldriver the Mummy Necromancer began the quest for the Orb.
     0 | D:1      | Reached XP level 1. HP: 13/13 MP: 4/4
   146 | D:1      | Reached skill level 3 in Spellcasting
   276 | D:1      | Reached skill level 1 in Fighting
   327 | D:1      | Reached XP level 2. HP: 18/21 MP: 1/6
   876 | D:1      | Found Agoal's Antique Armour Boutique.
   918 | D:1      | Got the Papyrus of Attacks and the Union
  1035 | D:1      | Gained mutation: You are in touch with the powers of death.
                  | [Mummy growth]
  1035 | D:1      | Reached XP level 3. HP: 27/27 MP: 4/8
  1253 | D:1      | Learned a level 3 spell: Vampiric Draining
  1372 | D:2      | Noticed Terence
  1378 | D:2      | Killed Terence
  1379 | D:2      | Reached skill level 4 in Spellcasting
  1552 | D:2      | Reached XP level 4. HP: 34/34 MP: 8/10
  1834 | D:2      | Noticed Robin
  1917 | D:2      | Killed Robin
  2152 | D:2      | Found a hide-covered altar of Uskayaw.
  2171 | D:2      | Noticed Ijyb
  2193 | D:2      | Killed Ijyb
  2386 | D:2      | Reached XP level 5. HP: 41/41 MP: 6/12
  2874 | D:3      | Reached skill level 5 in Spellcasting
  3167 | D:3      | Found a transporter.
  3214 | D:3      | Found a transporter.
  3331 | D:3      | Noticed a phantom
  3374 | D:2      | Killed a phantom
  3393 | D:3      | Reached XP level 6. HP: 48/48 MP: 3/14
  3648 | D:3      | Reached skill level 6 in Spellcasting
  3750 | D:3      | Found a faded altar of an unknown god.
  3955 | D:4      | Found a basalt altar of Yredelemnul.
  3957 | D:4      | Noticed Menkaure
  3959 | D:4      | Found an ancient bone altar of Kikubaaqudgha.
  4148 | D:4      | Reached skill level 5 in Fighting
  4205 | D:4      | Reached XP level 7. HP: 56/56 MP: 13/17
  4279 | D:4      | Reached skill level 7 in Spellcasting
  4450 | D:4      | Noticed Pikel
  4479 | D:4      | Killed Pikel
  4480 | D:4      | Reached skill level 8 in Spellcasting
  4480 | D:4      | Reached XP level 8. HP: 59/65 MP: 1/20
  4606 | D:4      | Found a transporter.
  4611 | D:4      | Found a transporter.
  4731 | D:4      | Identified the +2 pair of boots "Guuq Reg" {Rampage Regen+
                  | Int-4 Dex+7}
  4941 | D:4      | Found an opulent altar of Gozag.
  5109 | D:4      | Found a sparkling altar of Nemelex Xobeh.
  5115 | D:4      | Learned a level 4 spell: Animate Dead
  5324 | D:5      | Entered Level 5 of the Dungeon
  5338 | D:5      | Found a transporter.
  5368 | D:5      | Found a staircase to the Ecumenical Temple.
  5386 | Temple   | Entered the Ecumenical Temple
  5429 | Temple   | Became a worshipper of Hepliaklqana the Forgotten
  5725 | D:5      | Reached skill level 9 in Spellcasting
  5834 | D:5      | Found a transporter.
  6203 | D:5      | Noticed Groverdextrious's ghost (weakling DsDe)
  6261 | D:5      | Identified the +12 spear of Utrugren {venom, Will+}
  6261 | D:5      | Identified the +0 buckler of Compression {Dex+3}
  6384 | D:6      | Reached skill level 1 in Shields
  6410 | D:6      | Reached skill level 1 in Armour
  6953 | D:6      | Reached * piety under Hepliaklqana
  6993 | D:6      | Reached XP level 9. HP: 62/64 MP: 13/22
  7329 | D:6      | Found a snail-covered altar of Cheibriados.
  7329 | D:6      | Found an iron altar of Okawaru.
  7331 | D:6      | Found a blossoming altar of Fedhas.
  7456 | D:6      | Found a shimmering blue altar of Sif Muna.
  7999 | D:7      | You fall into a shaft and drop 3 floors!
  7999 | D:10     | Entered Level 10 of the Dungeon
  8111 | D:10     | Reached ** piety under Hepliaklqana
  8112 | D:10     | Remembered your ancestor Belshunu as a battlemage
  8139 | D:10     | Reached skill level 10 in Spellcasting
  8692 | D:10     | Reached skill level 5 in Necromancy
  8956 | D:9      | Noticed a two-headed ogre
  8967 | D:9      | Reached *** piety under Hepliaklqana
  9045 | D:8      | Noticed Maurice
  9063 | D:6      | Reached XP level 10. HP: 46/73 MP: 15/24
  9441 | D:7      | Identified a scroll of acquirement
  9585 | D:7      | Found a runed translucent door.
  9586 | D:7      | Noticed Crazy Yiuf
  9726 | D:7      | Found a hide-covered altar of Uskayaw.
  9836 | D:7      | Reached skill level 11 in Spellcasting
 10459 | D:7      | Killed Crazy Yiuf
 10469 | D:7      | Acquired the Monograph on Iron Fog
 10473 | D:7      | Learned a level 1 spell: Shock
 10476 | D:7      | Learned a level 2 spell: Static Discharge
 10481 | D:7      | Learned a level 4 spell: Airstrike
 10486 | D:7      | Learned a level 4 spell: Summon Lightning Spire
 10526 | D:8      | Noticed Psyche
 10864 | D:8      | Found a sacrificial altar of Ru.
 10888 | D:8      | Killed Psyche
 10889 | D:8      | Reached skill level 5 in Shields
 10889 | D:8      | Reached skill level 1 in Air Magic
 10964 | D:8      | Found a radiant altar of Vehumet.
 10965 | D:8      | Found a burning altar of Makhleb.
 11018 | D:8      | Reached skill level 5 in Armour
 11066 | D:8      | Found a staircase to the Lair.
 11307 | D:8      | Reached **** piety under Hepliaklqana
 11310 | D:8      | Noticed Grum
 11315 | D:8      | Killed Maurice
 11316 | D:8      | Reached XP level 11. HP: 81/81 MP: 15/26
 11317 | D:8      | Killed Grum
 11327 | D:8      | Reached skill level 12 in Spellcasting
 12278 | D:9      | Reached skill level 10 in Fighting
 12483 | D:9      | Killed a two-headed ogre
 12641 | Lair:1   | Entered Level 1 of the Lair of Beasts
 13082 | Lair:1   | Noticed a seven-headed hydra
 13137 | Lair:1   | Killed a seven-headed hydra
 13451 | Lair:1   | Reached ***** piety under Hepliaklqana
 13528 | Lair:2   | Noticed a six-headed hydra
 13699 | Lair:2   | Found a staircase to the Shoals.
 13983 | Lair:2   | Noticed a six-headed hydra
 13993 | Lair:2   | Killed a six-headed hydra
 13994 | Lair:2   | Reached skill level 13 in Spellcasting
 14114 | Lair:2   | Killed a six-headed hydra
 14141 | Lair:2   | Noticed a death yak
 14141 | Lair:2   | Noticed a death yak
 14184 | Lair:2   | Noticed a death yak
 14186 | Lair:2   | Noticed a death yak
 14186 | Lair:2   | Noticed a death yak
 14794 | D:10     | Reached XP level 12. HP: 89/89 MP: 29/29
 14809 | D:10     | Reached skill level 1 in Summonings
 15125 | D:10     | Found a staircase to the Orcish Mines.
 15381 | D:10     | Identified the +1 hat "Ryskuh" {Stlth+}
 15521 | D:11     | Found the +7 staff of the Meek {protect, meekguard}
 15568 | D:11     | Found Usautih's Weapon Boutique.
 15618 | D:11     | Reached skill level 5 in Air Magic
 15800 | D:11     | Noticed Snorg
 15816 | D:11     | Killed Snorg
 15945 | D:11     | Found Urayrr's Book Shop.
 15975 | D:11     | Noticed a two-headed ogre
 15987 | D:11     | Killed a two-headed ogre
 16447 | Orc:1    | Entered Level 1 of the Orcish Mines
 16447 | Orc:1    | Found Rixab's Magic Scroll Emporium.
 16447 | Orc:1    | Reached ****** piety under Hepliaklqana
 16639 | Orc:1    | Paralysed by an orc sorcerer for 4 turns
 16995 | Orc:1    | Found Runej's Antique Weapon Boutique.
 16998 | Orc:1    | Bought a crude hand axe for 248 gold pieces
 16998 | Orc:1    | Identified the +12 hand axe of Conservatism {antimagic,
                  | Dex+9} (You bought it in a shop on level 1 of the Orcish
                  | Mines)
 17095 | Orc:1    | Bought a scroll of fog for 72 gold pieces
 17095 | Orc:1    | Bought a scroll of teleportation for 54 gold pieces
 17095 | Orc:1    | Bought 3 scrolls of fog for 216 gold pieces
 17095 | Orc:1    | Bought a scroll of fear for 72 gold pieces
 17138 | Orc:2    | Entered Level 2 of the Orcish Mines
 18064 | Orc:2    | Found a staircase to the Elven Halls.
 18230 | Orc:2    | Reached skill level 14 in Spellcasting
 18243 | Orc:2    | Found Bibraux's Distillery.
 18248 | Orc:2    | Noticed an orc high priest
 18417 | Orc:1    | Noticed Josephine
 18740 | Lair:1   | Killed a death yak
 18748 | Lair:2   | Killed a death yak
 19172 | Lair:1   | Killed a death yak
 19230 | Lair:1   | Killed a death yak
 19237 | Lair:1   | Killed a death yak
 19238 | Lair:1   | Gained mutation: You are strongly in touch with the powers
                  | of death. [Mummy growth]
 19238 | Lair:1   | Reached XP level 13. HP: 93/97 MP: 3/31
 19926 | Lair:3   | Learned a level 3 spell: Swiftness
 20292 | Lair:3   | You fall into a shaft and drop 1 floor!
 20712 | Lair:3   | Found a staircase to the Snake Pit.
 20728 | Lair:3   | Noticed Rupert
 21238 | Lair:3   | Noticed Gastronok
 21250 | Lair:3   | Killed Gastronok
 21498 | Lair:3   | Slain by Rupert

Illustrated notes

Levels and vault maps discovered:
D:1:      ncdulo_halloftheorcs, layout_basic, serial_shops, shop, minmay_cut_off
D:2:      kennysheep_the_goblin_king, layout_basic, basic_altar, uniq_robin,
          uniq_terence
D:3:      gammafunk_wand_slinger, layout_basic,
          dilly_ecumenical_altar_fadedgnrine, minmay_joined_circles
D:4:      layout_basic, lemuel_tele_altar, gammafunk_temple_of_torment,
          gammafunk_temple_overflow_statue, minivault_11, hangedman_decor_push,
          grunt_decor_fettered, uniq_menkaure, uniq_pikel
D:5:      layout_loops_ring, minmay_temple_entry_sparse_star,
          gammafunk_ghost_gnarly_gnolls
D:6:      kennysheep_slugbush, layout_basic, lemuel_round_altar,
          nicolae_overflow_hidden_temple
D:7:      layout_loops_ring, old_standard_altar, grunt_decor_arrowhead,
          uniq_crazy_yiuf_cottage
D:8:      layout_gridville, grunt_temple_overflow_lords_of_destruction,
          nicolae_ru_awakened_eye, erik_lair_orcish_takeover, uniq_psyche,
          uniq_maurice, uniq_grum
D:9:      layout_stronghold, nicolae_elyvilon_temple_path
D:10:     layout_long_grid, hiddenorc2_lemuel, grunt_decor_resistance,
          hangedman_minor_magic
D:11:     layout_gridville, serial_shops, kennysheep_mini_moat,
          kennysheep_small_square, uniq_snorg
Temple:   corrupted_temple
Lair:1:   layout_roguey, serial_bayou_shore_b, grunt_megastairs_1
Lair:2:   layout_cave_pods, minmay_shoals_entry_beasts
Lair:3:   layout_chaotic_city, minmay_snake_entry_guardpost_medium,
          uniq_gastronok, uniq_rupert
Lair:4:   layout_loops_ring, minmay_slime_entry_oklob_enclosed,
          lemuel_fruit_fields, lemuel_fruit_tree
Orc:1:    layout_caves, basic_altar, serial_shops, nicolae_shop_behind_doors,
          shop_fountains, abandoned_shop, uniq_josephine
Orc:2:    st_orc_elflike, layout_diamond_mine

Skill      XL: |  1  2  3  4  5  6  7  8  9 10 11 12 13 |
---------------+----------------------------------------+-----
Spellcasting   | 3 4 5 6 8 9 10 11 13 14 | 14.9
Fighting       | 1 2 3 4 5 6 7 8 9 10 12 | 12.5
Stealth        | 2 3 |  3.0
Shields        | 2 3 5 |  5.0
Armour         | 2 3 5 6 7 8 |  8.2
Dodging        | 2 3 |  3.0
Necromancy     | 5 |  5.0
Air Magic      | 2 4 6 7 |  7.1
Summonings     | 2 3 |  3.0

Action                   |  1- 3 |  4- 6 |  7- 9 | 10-12 | 13-15 || total
-------------------------+-------+-------+-------+-------+-------++-------
Melee: Unarmed           |     2 |       |       |       |       ||     2
       Dagger            |       |    59 |   256 |    33 |       ||   348
       Punch             |       |     1 |       |       |       ||     1
       Flail             |       |       |       |    73 |    15 ||    88
 Cast: Necrotise         |    64 |   116 |   265 |   498 |   116 ||  1059
       Vampiric Draining |       |     1 |    14 |    66 |    21 ||   102
       Animate Dead      |       |       |       |    12 |     3 ||    15
       Summon Lightning  |       |       |       |     1 |    10 ||    11
       Airstrike         |       |       |       |     1 |     6 ||     7
       Swiftness         |       |       |       |       |     1 ||     1
Invok: Recall Ancestor   |       |       |     4 |     8 |     3 ||    15
       Ancestor Life: Ba |       |       |     1 |       |       ||     1
Evoke: Box of beasts     |       |       |       |     1 |       ||     1
  Use: Scroll            |       |     4 |     8 |    11 |     2 ||    25
 Stab: Sleeping          |       |       |     1 |     3 |       ||     4
Armor: Robe              |     2 |    37 |   153 |   155 |    32 ||   379
Dodge: Dodged            |     7 |    52 |   265 |   288 |    56 ||   668
Block: Buckler           |       |       |    75 |   137 |    31 ||   243

Table legend: (Time is in decaauts)
 A = Elapsed time spent in this place.
 B = Non-inter-level travel time spent in this place.
 C = Inter-level travel time spent in this place.
 D = Time resting spent in this place.
 E = Time spent auto-exploring this place.
 F = Levels seen in this place.
 G = Mean time per level.
                   A        B        C        D        E       F      G
               +--------+--------+--------+--------+--------+-----+--------+
         Total |  21580 |  20629 |    951 |   2290 |  13288 |  18 | 1198.9 |
       Dungeon |  14515 |  13790 |    725 |    637 |   9849 |  11 | 1319.5 |
        Temple |     58 |     42 |     16 |      0 |     23 |   1 |   58.0 |
          Lair |   4856 |   4647 |    209 |   1192 |   2388 |   4 | 1214.0 |
  Orcish Mines |   2149 |   2149 |      0 |    461 |   1028 |   2 | 1074.5 |
               +--------+--------+--------+--------+--------+-----+--------+

Top non-repeatable levels by time:
  Lair:2: 2031 daAuts
     D:6: 1893 daAuts
     D:4: 1516 daAuts
    D:10: 1511 daAuts
     D:2: 1475 daAuts
  Lair:1: 1432 daAuts
     D:9: 1414 daAuts
   Orc:2: 1383 daAuts
     D:1: 1356 daAuts
     D:7: 1324 daAuts
  Lair:3: 1306 daAuts
     D:8: 1181 daAuts
     D:3: 1095 daAuts
    D:11: 905 daAuts
     D:5: 842 daAuts
